 Dungeon Crawl Stone Soup version 0.31-a0-1159-g800acc2fd1 (webtiles) character file.

Game seed: 18098245235374779839

68 Malachi the Trooper (level 4, -2/49 HPs)
             Began as an Octopode Chaos Knight on Dec 8, 2023.
             Was a Plaything of Xom.
             Slain by Terence
             ... wielding a +0 flail
              (6 damage)
             ... on level 2 of the Dungeon.
             The game lasted 00:01:29 (1428 turns).

Malachi the Trooper (Octopode Chaos Knight)         Turns: 1428, Time: 00:01:30

Health: -2/49      AC: 22    Str: 11    XL:     4   Next: 19%
Magic:  4/4        EV:  2    Int: 14    God:    Xom [*.....]
Gold:   51         SH:  0    Dex: 13    Spells: 3/3 levels left

rFire   . . .        a - +0 short sword (chaos)
rCold   . . .        (no shield)
rNeg    . . .        (helmet currently unavailable)
rPois   +            (no amulet)
rElec   .            (no ring)
rCorr   .            (no ring)
SInv    .            (no ring)
Will    .....        (no ring)
Stlth   ++           (no ring)
HPRegen 0.28/turn    (no ring)
MPRegen 0.09/turn    (no ring)
                     (no ring)

%: no passive effects
@: tree-form
A: stationary, stasis, torment immunity, boosted hp, almost no armour,
(amphibious), 8 rings, (camouflage 1), (gelatinous body 1), (nimble swimmer 1),
(tentacles)
a: Renounce Religion


You were on level 2 of the Dungeon.
You worshipped Xom.
You were a special plaything of Xom.
You were a tree.
You visited 1 branch of the dungeon, and saw 2 of its levels.

You collected 51 gold pieces.

Inventory:

Hand Weapons
 a - a +0 short sword of chaos (weapon)
Missiles
 d - 2 darts of dispersal
Jewellery
 h - a ring of resist corrosion
Scrolls
 b - a scroll of butterflies
 c - a scroll of blinking {unknown}
Potions
 f - a potion of lignification


   Skills:
 + Level 3.7 Fighting
 + Level 3.7 Short Blades
 - Level 2.5 Dodging
 + Level 2.5 Stealth


You had 3 spell levels left.
You didn't know any spells.
Your spell library contained the following spells:

 Spells                   Type           Power      Damage    Failure   Level
 Sandblast                Erth           0%         2d4       28%         1
 Slow                     Hex            0%         N/A       28%         1
 Passwall                 Tmut/Erth      0%         N/A       41%         2
 Confusing Touch          Hex            0%         N/A       65%         3
 Sigil of Binding         Hex            0%         N/A       65%         3
 Stone Arrow              Conj/Erth      0%         3d7       65%         3
 Vampiric Draining        Necr           0%         2d6       65%         3
 Brom's Barrelling Bould  Conj/Erth      0%         2d3       96%         4


Dungeon Overview and Level Annotations

Branches:
Dungeon (2/15)

Altars:
Xom

Shops:
D:1 !((

Annotations:
D:2 Terence


Innate Abilities, Weirdness & Mutations

You are a tree.
Your roots penetrate the ground, keeping you stationary.
You cannot be teleported.
You are immune to unholy pain and torment.
Your maximum health is greatly increased.
You cannot wear most types of armour.
((You are amphibious.))
You can wear up to eight rings at the same time.
((Your skin changes colour to match your surroundings (Stealth+).))
((Your rubbery body absorbs attacks. (AC +1, EV +1)))
((You are camouflaged when in or above water. (Stealth+)))
((You have tentacles for arms and can constrict up to eight enemies at once.))


Message History

The helpless bat fails to defend itself.
You puncture the bat!
You kill the bat!
No target in view!
No target in view!
You see here a bat corpse.
Found an escape hatch in the floor.
Terence the Incautious comes into view.
He is wielding a +0 flail.
Terence shouts!
A dart slug comes into view.
There are monsters nearby!
There are monsters nearby!
There are monsters nearby!
You hit Terence but do no damage. Your grab misses Terence.
Terence hits you with a +0 flail. The dart slug launches a dart at you.
The slug dart hits you.
You barely miss Terence. You grab Terence.
You constrict Terence, but do no damage.
Terence hits you with a +0 flail!
You are too injured to fight recklessly!
You are too injured to fight recklessly!
You are too injured to fight recklessly!
You are too injured to fight recklessly!
Unknown command.
You hit Terence but do no damage.
Terence seems to speed up.
Xom thinks this is hilarious!
You constrict Terence, but do no damage.
Terence hits you with a +0 flail!
* * * LOW HITPOINT WARNING * * *
The dart slug launches a dart at you. The slug dart misses you.
You turn into a tree.
Your roots penetrate the ground.
You lose your grip on Terence.
Terence hits you but does no damage.
Unknown command.
Unknown command.
You hit Terence but do no damage. Terence hits you with a +0 flail.
You die...
Terence says, "Time to find some more victims."
Xom titters!

#. .# #.####.. #>......
#...... # #..##.. .#
####..#...
#.#####.......#
####........##..#.#. .#
#..♣..............#. .#
######.##@#w##.####.##.##
.# #......# .# # #.#.#.#
.# #.###### .# #..###. .#
#####.######.## #.. #..
.# #............ ## #.##
.# #.#...######. #. #
.####.#.#.# # #
......#...# #.##


You could see Terence (fast) and a dart slug.

Vanquished Creatures
  Natasha (D:2)
  An adder (D:2)
  A worm (D:2)
  A dart slug (D:1)
  5 bats
  A giant cockroach (D:1)
  5 hobgoblins (D:1)
  3 jackals (D:2)
  A quokka (D:1)
  A ball python (D:2)
  A frilled lizard (D:1)
  4 kobolds
  3 rats
28 creatures vanquished.

Notes
Turn   | Place    | Note
-------+----------+-------------------------------------------
     0 | D:1      | Malachi the Octopode Chaos Knight began the quest for the
                  | Orb.
     0 | D:1      | Reached XP level 1. HP: 16/16 MP: 1/1
   160 | D:1      | XOM: silly message
   215 | D:1      | Found Waihoysh's Weapon Shop.
   232 | D:1      | XOM: potion effect (berserk rage)
   234 | D:1      | XOM: potion effect (invisibility)
   236 | D:1      | XOM: confuse monster(s)
   253 | D:1      | Reached XP level 2. HP: 21/21 MP: 2/2
   297 | D:1      | Found Guarogh's Antique Weapon Boutique.
   391 | D:1      | XOM: silly message
   439 | D:1      | XOM: 5-stop teleportation journey
   492 | D:1      | Reached skill level 1 in Stealth
   694 | D:1      | Found Ribbalu's Distillery.
   960 | D:1      | XOM: divination: detect items
  1053 | D:1      | XOM: silly message
  1099 | D:2      | Noticed Natasha
  1106 | D:2      | Killed Natasha
  1107 | D:2      | Reached XP level 3. HP: 17/26 MP: 3/3
  1168 | D:2      | Reached XP level 4. HP: 22/33 MP: 4/4
  1221 | D:2      | Found a shimmering altar of Xom.
  1423 | D:2      | Noticed Terence
  1428 | D:2      | Slain by Terence

Illustrated notes

Levels and vault maps discovered:
D:1:      dpeg_chamrin_arrival_tetris, layout_basic, serial_shops, shop,
          nicolae_shop_real_fake_doors, shop
D:2:      layout_loops_ring, basic_altar, uniq_natasha, uniq_terence,
          uniq_jessica

Skill      XL: |  1  2 |
---------------+-------+-----
Stealth        | 2 |  2.5
Fighting       | |  3.7
Short Blades   | |  3.7
Dodging        | |  2.5

Action                     |  1- 3 |  4- 6 || total
---------------------------+-------+-------++-------
  Melee: Short sword       |    55 |    14 ||    69
         Constrict         |     8 |     2 ||    10
         Tentacles         |     7 |     1 ||     8
         Punch             |     1 |       ||     1
    Use: Scroll            |     4 |       ||     4
         Potion            |       |     1 ||     1
   Stab: Invisible         |     2 |       ||     2
         Sleeping          |     4 |     2 ||     6
 Armour: Skin              |    31 |     8 ||    39
  Dodge: Dodged            |    38 |     7 ||    45

Table legend: (Time is in decaauts)
 A = Elapsed time spent in this place.
 B = Non-inter-level travel time spent in this place.
 C = Inter-level travel time spent in this place.
 D = Time resting spent in this place.
 E = Time spent auto-exploring this place.
 F = Levels seen in this place.
 G = Mean time per level.
                   A        B        C        D        E       F      G
               +--------+--------+--------+--------+--------+-----+--------+
         Total |   1431 |   1395 |     36 |      0 |   1191 |   2 |  715.5 |
       Dungeon |   1431 |   1395 |     36 |      0 |   1191 |   2 |  715.5 |
               +--------+--------+--------+--------+--------+-----+--------+

Top non-repeatable levels by time:
     D:1: 1103 daAuts
     D:2: 327 daAuts
